 Dungeon Crawl Stone Soup version 0.31-a0-233-g139696dc86 (webtiles) character file.

Game seed: 2006003320849609338

23 qw the Shooter (level 2, 0/17 HPs)
             Began as a Gargoyle Hexslinger on July 8, 2023.
             Slain by Terence
             ... wielding a +0 flail
              (6 damage)
             ... on level 2 of the Dungeon.
             The game lasted 00:00:23 (1047 turns).

qw the Shooter (Gargoyle Hexslinger)                Turns: 1047, Time: 00:00:23

Health: 0/17       AC:  8    Str: 11    XL:     2   Next: 95%
Magic:  3/3        EV: 11    Int: 13    God:
Gold:   85         SH:  0    Dex: 12    Spells: 2/3 levels left

rFire   . . .        Y - +2 sling
rCold   . . .        (no shield)
rNeg    + . .        k - +1 leather armour {rPois}
rPois   inf          (no helmet)
rElec   +            (no cloak)
rCorr   .            f - +1 pair of gloves
SInv    .            (no boots)
Will    .....        d - amulet of regeneration
Stlth   +            (no ring)
HPRegen 1.02/turn    (no ring)
MPRegen 0.08/turn

%: no passive effects
@: no status effects
A: sickness immunity, AC +2, negative energy resistance 1, electricity
resistance, torment resistance 1, petrification resistance
a: no special abilities


You were on level 2 of the Dungeon.
You visited 1 branch of the dungeon, and saw 2 of its levels.

You collected 85 gold pieces.


Innate Abilities, Weirdness & Mutations

You are immune to sickness and miasma.
Your stone body is resilient. (AC +2)
You are immune to poison.
You resist negative energy. (rN+)
You are resistant to electric shocks. (rElec)
You are resistant to unholy torment.
You are immune to petrification.


   Skills:
 + Level 1.9 Fighting
 - Level 3.0 Ranged Weapons
 - Level 1.5 Dodging
 - Level 1.0 Spellcasting
 - Level 2.6 Hexes


You had 2 spell levels left.
You knew the following spells:

 Your Spells              Type           Power      Damage    Failure   Level
a - Slow                  Hex            28%        N/A       12%         1

Your spell library contained the following spells:

 Spells                   Type           Power      Damage    Failure   Level
 Inner Flame              Hex/Fire       4%         N/A       54%         3
 Portal Projectile        Hex/Tloc       8%         N/A       54%         3
 Cause Fear               Hex            3%         N/A       77%         4

Inventory:

Hand Weapons
 Y - a +2 sling (weapon)
Armour
 f - a +1 pair of gloves (worn)
 k - a +1 leather armour of poison resistance (worn)
Jewellery
 d - an amulet of regeneration (around neck)
Scrolls
 l - a scroll of identify
Potions
 e - a potion of haste
 m - a potion of brilliance {unknown}

Dungeon Overview and Level Annotations

Branches:
Dungeon (2/15)

Altars:

Annotations:
D:2 Terence


Message History

A bat comes into view.
The bat moves out of view.
You now have 76 gold pieces (gained 19).
You shoot a sling bullet. The sling bullet hits the bat.
You kill the bat!
You now have 85 gold pieces (gained 9).
You see here a +0 sling.
Terence the Incautious comes into view.
He is wielding a +0 flail and wearing a +2 ring mail of fire resistance.
You shoot a sling bullet.
The sling bullet hits Terence but does no damage.
You shoot a sling bullet. The sling bullet barely misses Terence.
Terence hits you with a +0 flail.
You shoot a sling bullet. The sling bullet hits Terence.
Terence is lightly wounded.
Terence barely misses you. Terence hits you with a +0 flail.
You shoot a sling bullet.
The sling bullet hits Terence but does no damage.
Terence is lightly wounded.
Terence hits you with a +0 flail.
You shoot a sling bullet.
The sling bullet hits Terence but does no damage.
Terence is lightly wounded.
Terence hits you but does no damage.
You shoot a sling bullet. The sling bullet hits Terence.
Terence is moderately wounded.
Terence hits you with a +0 flail. Terence hits you with a +0 flail!
You shoot a sling bullet. The sling bullet barely misses Terence.
Terence hits you but does no damage.
You shoot a sling bullet.
The sling bullet hits Terence but does no damage.
Terence is moderately wounded.
Terence hits you but does no damage.
You shoot a sling bullet.
The sling bullet closely misses Terence.
Terence closely misses you. Terence hits you but does no damage.
You shoot a sling bullet.
The sling bullet hits Terence but does no damage.
Terence is moderately wounded.
Terence hits you with a +0 flail.
You die...

. ..... ... ##.
..... .... ..# ....#
..... #.# .... .....
#.##..#
.....###.#...
#.#...##.#@# .
#......#.@.# ..
#.........## ...
#.......#.## ....
####.......#..#.....
...(......)##.......
##.)<............
#..%....##.#.....
##### #.......#
.#.....
##..<###.......# .#
.


You could see Terence.

Vanquished Creatures
  3 ball pythons (D:1)
  2 endoplasms (D:1)
  4 hobgoblins
  A quokka (D:1)
  4 bats
  2 frilled lizards
  3 kobolds
  2 rats
21 creatures vanquished.

Notes
Turn   | Place    | Note
-------+----------+-------------------------------------------
     0 | D:1      | qw the Gargoyle Hexslinger began the quest for the Orb.
     0 | D:1      | Reached XP level 1. HP: 12/12 MP: 2/2
     0 | D:1      | 0 ||| qw: Version: 0.3-a-46-gb1f654a
     0 | D:1      | 0 ||| qw: Game counter: 3618
     0 | D:1      | 0 ||| qw: Melee chars always use a shield: true
     0 | D:1      | 0 ||| qw: God list: Okawaru
     0 | D:1      | 0 ||| qw: Allow faded altars: false
     0 | D:1      | 0 ||| qw: Do Orc after clearing Dungeon:15 true
     0 | D:1      | 0 ||| qw: Do second Lair branch before Depths: true
     0 | D:1      | 0 ||| qw: Lair rune preference: random
     0 | D:1      | 0 ||| qw: Goals: Normal
     0 | D:1      | 0 ||| PLANNING D:1-11
   189 | D:1      | Reached XP level 2. HP: 16/16 MP: 3/3
   465 | D:1      | Reached skill level 3 in Ranged Weapons
   937 | D:1      | 937 ||| UPGRADING to +0 pair of gloves.
   942 | D:1      | 942 ||| UPGRADING to +1 leather armour of poison
                  | resistance.
   952 | D:1      | 952 ||| DROPPING +0 robe.
   953 | D:1      | 953 ||| UPGRADING to amulet of regeneration.
   958 | D:1      | 958 ||| READING scroll labelled KYSMUNK NITUU.
   959 | D:1      | 959 ||| READING scroll labelled YCSOMI RICOET.
   963 | D:1      | 963 ||| READING scroll labelled VACICW UMUC.
   964 | D:1      | 964 ||| READING 2 scrolls labelled HOPTAI PIDORO.
   965 | D:1      | 965 ||| READING scroll of enchant armour.
   965 | D:1      | 965 ||| ENCHANTING +0 pair of gloves.
   966 | D:1      | 966 ||| READING 3 scrolls labelled PAKLUTHO ODATA.
   967 | D:1      | 967 ||| READING 2 scrolls of identify.
   967 | D:1      | 967 ||| IDENTIFYING brown potion
   968 | D:1      | 968 ||| DROPPING scroll of poison.
  1037 | D:2      | Noticed Terence
  1043 | D:2      | HP: 1/17 [Terence/+0 flail (7)]
  1047 | D:2      | Slain by Terence

Levels and vault maps discovered:
D:1:      dpeg_arrival_signposts, layout_basic, serial_park_tiny_1, minivault_5,
          minmay_misc_feat_four_crosses, minivault_24
D:2:      layout_rooms, uniq_robin, uniq_terence

Skill      XL: |  1  2 |
---------------+-------+-----
Ranged Weapons | 3 |  3.0
Fighting       | |  1.9
Dodging        | |  1.5
Spellcasting   | |  1.0
Hexes          | |  2.6

Action                     || total
---------------------------++-------
   Fire: Sling             ||    88
    Use: Scroll            ||     7
 Armour: Robe              ||    11
         Leather armour    ||     9
  Dodge: Dodged            ||    30

Table legend:
 A = Non-vault XP
 B = Vault XP
 C = Vault XP percentage of total XP
 D = Non-vault monster count
 E = Vault monster count
 F = Vault count percentage of total count
                 A         B        C        D         E       F
            +---------+---------+-------+---------+---------+-------
      Total |      33 |       0 |   0.0 |      21 |       0 |   0.0
            +---------+---------+-------+---------+---------+-------
        D:1 |      23 |       0 |   0.0 |      14 |       0 |   0.0
        D:2 |      10 |       0 |   0.0 |       7 |       0 |   0.0
            +---------+---------+-------+---------+---------+-------
